 Dungeon Crawl Stone Soup version 0.25.1-1-g288607f5aa (webtiles) character file.

Game seed: 4217544402985030425

4997 protoss039 the Thaumaturge (level 10, -8/50 HPs)
             Began as a Deep Elf Ice Elementalist on July 20, 2020.
             Was a Believer of Vehumet.
             Mangled by a two-headed ogre
             ... wielding a +0 giant club
              (24 damage)
             ... on level 8 of the Dungeon.
             The game lasted 00:57:04 (10983 turns).

protoss039 the Thaumaturge (DEIE)                  Turns: 10983, Time: 00:57:05

Health: -8/50      AC:  2    Str:  5    XL:     10   Next: 29%
Magic:  24/29      EV: 14    Int: 24    God:    Vehumet [**....]
Gold:   339        SH:  5    Dex: 15    Spells: 11/35 levels left

rFire    + . .     SeeInvis .   l - +2 dagger (venom)
rCold    . . .     Gourm    .   (no shield)
rNeg     . . .     Faith    .   z - +0 robe {rF+}
rPois    .         Spirit   .   (no helmet)
rElec    .         Reflect  +   (no cloak)
rCorr    .         Harm     .   (no gloves)
MR       +....                  (no boots)
Stlth    ++........             b - amulet of reflection
HPRegen  0.16/turn              (no ring)
MPRegen  0.21/turn              (no ring)

@: frozen ramparts
A: no striking features
a: Renounce Religion


You were on level 8 of the Dungeon.
You worshipped Vehumet.
Vehumet was pleased with you.
You were not hungry.

You visited 2 branches of the dungeon, and saw 9 of its levels.

You collected 339 gold pieces.

Inventory:

Hand Weapons
 l - a +2 dagger of venom (weapon)
 v - a +0 scimitar of flaming
Armour
 z - a +0 robe of fire resistance (worn)
Jewellery
 b - an amulet of reflection (around neck)
 p - an uncursed amulet of regeneration
Wands
 s - a wand of acid (5)
 y - a wand of flame (18)
Scrolls
 g - a scroll of identify
 h - 3 scrolls of teleportation
 j - 3 scrolls of amnesia
 m - 2 scrolls of magic mapping
 r - a scroll of immolation
 t - a scroll of blinking
 x - a scroll of remove curse
Potions
 d - 2 potions of invisibility
 e - 2 potions of mutation
 f - a potion of magic {unknown}
 i - 2 potions of heal wounds {unknown}
 n - a potion of brilliance {unknown}
 q - 2 potions of lignification {unknown}
Comestibles
 c - 14 rations


   Skills:
 - Level 4.0 Dodging
 - Level 3.0 Stealth
 * Level 13.2 Spellcasting
 * Level 5.5 Conjurations
 - Level 6.0 Charms
 - Level 4.0 Summonings
 + Level 9.3 Ice Magic
 + Level 0.9 Earth Magic


You had 11 spell levels left.
You knew the following spells:

 Your Spells              Type           Power        Failure   Level  Hunger
a - Freeze                Ice            ####         1%          1    None
b - Frozen Ramparts       Ice            ######       1%          3    None
c - Ozocubu's Armour      Chrm/Ice       ######..     1%          3    None
d - Hailstorm             Conj/Ice       ######..     1%          4    None
e - Summon Ice Beast      Ice/Summ       #####...     2%          4    None
f - Stone Arrow           Conj/Erth      ####..       3%          3    None
g - Lee's Rapid Deconstr  Erth           ###.......   56%         5    ###....
h - Foxfire               Conj/Fire      ####         1%          1    None

Your spell library contained the following spells:

 Spells                   Type           Power        Failure   Level  Hunger
 Sandblast                Erth           ###...       2%          1    None
 Passwall                 Tmut/Erth      ###.....     4%          2    None
 Petrify                  Tmut/Erth      ###.....     30%         4    None


Dungeon Overview and Level Annotations

Branches:
Dungeon (8/15)             Temple (1/1) D:6
   Lair: D:8-11

Altars:
Ashenzari
Cheibriados
Dithmenos
Elyvilon
Fedhas
Gozag
Hepliaklqana
Kikubaaqudgha
Makhleb
Nemelex Xobeh
Okawaru
Qazlal
Ru
Sif Muna
Trog
Uskayaw
Vehumet
Wu Jian
Xom
Yredelemnul
Zin
The Shining One

Annotations:
D:4 Eustachio
D:7 2 transporters, 2 exclusions, Nebesus's ghost, novice CeMo


Message History

The walls around you are covered in ice.
Unknown command.
Unknown command.
Unknown command.
Unknown command.
Your icy armour cracks and falls away as you move.
The wall freezes the two-headed ogre!
The wall freezes the worker ant!
Unknown command.
The wall freezes the two-headed ogre.
The wall freezes the worker ant!
Unknown command.
The wall freezes the worker ant!
You kill the worker ant!
Vehumet accepts your kill.
The wall freezes the two-headed ogre.
Unknown command.
The wall freezes the two-headed ogre.
Unknown command.
The wall freezes the two-headed ogre!
The two-headed ogre hits you with a +0 giant club!!
You die...

#.......#
#.......#
#.#.....#
#.#.##### #.#.#
#.#.# #.#.. #O###
#@# #.#
################.#
.................#
##################


You could see a two-headed ogre.

Vanquished Creatures
  Erica (D:8)
  2 hippogriffs
  Grum (D:8)
  A hungry ghost (D:8)
  2 sky beasts
  2 ice beasts
  5 orc warriors
  A phantom (D:8)
  A necrophage (D:8)
  An ogre (D:7)
  2 wolves (D:8)
  3 centaurs
  3 bullfrogs (D:8)
  3 scorpions (D:4)
  7 killer bees
  2 howler monkeys (D:7)
  A jelly (D:6)
  4 crimson imps
  11 orc priests
  A bullfrog skeleton (D:6)
  3 hounds
  13 orc wizards
  A centaur skeleton (D:7)
  2 iguanas
  5 worker ants
  A killer bee zombie (D:7)
  A hound skeleton (D:4)
  4 gnolls (D:7)
  8 adders
  An ooze (D:1)
  3 adder skeletons
  An adder zombie (D:7)
  3 worms
  A dart slug (D:1)
  5 leopard geckos
  38 orcs
  A bat zombie (D:1)
  4 giant cockroaches
  4 goblins
  3 hobgoblins
  7 jackals
  7 kobolds
  2 quokkas
  10 bats
  8 frilled lizards
  A jackal zombie (D:1)
  A leopard gecko skeleton (D:7)
  A quokka skeleton (D:7)
  5 rats
198 creatures vanquished.

Vanquished Creatures (collateral kills)
  Menkaure (D:7)
  A gnoll sergeant (D:7)
  A gnoll (D:7)
3 creatures vanquished.

Grand Total: 201 creatures vanquished

Notes
Turn   | Place    | Note
-------+----------+-------------------------------------------
     0 | D:1      | protoss039 the Deep Elf Ice Elementalist began the quest
                  | for the Orb.
     0 | D:1      | Reached XP level 1. HP: 10/10 MP: 6/6
   215 | D:1      | Reached XP level 2. HP: 11/15 MP: 5/8
   951 | D:1      | Reached XP level 3. HP: 16/19 MP: 5/9
  1053 | D:1      | Learned a level 3 spell: Frozen Ramparts
  1113 | D:1      | Reached skill level 5 in Ice Magic
  2655 | D:2      | Learned a level 3 spell: Ozocubu's Armour
  2731 | D:3      | Reached XP level 4. HP: 20/24 MP: 3/11
  2961 | D:3      | Reached skill level 4 in Spellcasting
  2983 | D:3      | Reached XP level 5. HP: 2/28 MP: 6/13
  2983 | D:3      | HP: 1/28 [poisoned by an orc wizard]
  3267 | D:3      | Learned a level 4 spell: Hailstorm
  4215 | D:4      | Reached skill level 5 in Spellcasting
  4271 | D:4      | Reached skill level 1 in Conjurations
  4271 | D:4      | Reached skill level 1 in Charms
  4298 | D:4      | Reached XP level 6. HP: 32/32 MP: 16/16
  4462 | D:4      | Reached skill level 6 in Spellcasting
  4942 | D:4      | Noticed Eustachio
  4982 | D:4      | Reached XP level 7. HP: 36/36 MP: 14/18
  5048 | D:4      | Learned a level 4 spell: Summon Ice Beast
  5603 | D:5      | Entered Level 5 of the Dungeon
  5838 | D:5      | Reached skill level 7 in Spellcasting
  7000 | D:6      | Reached skill level 8 in Spellcasting
  7000 | D:6      | Reached XP level 8. HP: 18/41 MP: 12/22
  7241 | D:6      | Found a staircase to the Ecumenical Temple.
  7316 | Temple   | Entered the Ecumenical Temple
  7394 | Temple   | Became a worshipper of Vehumet
  8011 | D:7      | Reached skill level 9 in Spellcasting
  8094 | D:7      | Found a transporter.
  8103 | D:7      | Reached skill level 1 in Summonings
  8412 | D:7      | Found a shimmering blue altar of Sif Muna.
  8425 | D:7      | Noticed a hippogriff
  8428 | D:7      | Reached skill level 10 in Spellcasting
  8430 | D:7      | Killed a hippogriff
  8544 | D:7      | Reached * piety under Vehumet
  8544 | D:7      | Offered knowledge of Magic Dart by Vehumet.
  8548 | D:7      | Reached XP level 9. HP: 45/45 MP: 18/25
  8549 | D:7      | Reached skill level 5 in Charms
  8769 | D:7      | Noticed Nebesus's ghost (novice CeMo)
  8816 | D:7      | Reached skill level 11 in Spellcasting
  9034 | D:7      | Learned a level 3 spell: Stone Arrow
  9040 | D:7      | Learned a level 5 spell: Lee's Rapid Deconstruction
  9120 | D:7      | Noticed Menkaure
  9126 | D:7      | Killed Menkaure
  9330 | D:7      | Found a transporter.
  9569 | D:8      | Noticed Erica
  9602 | D:8      | Noticed Grum
  9603 | D:8      | Offered knowledge of Foxfire by Vehumet.
  9608 | D:8      | Reached ** piety under Vehumet
  9758 | D:7      | Learned a level 1 spell: Foxfire
  9825 | D:8      | Reached skill level 12 in Spellcasting
  9830 | D:8      | Reached skill level 5 in Conjurations
  9858 | D:8      | Killed Erica
  9858 | D:8      | Reached XP level 10. HP: 32/50 MP: 9/28
  9864 | D:8      | Killed Grum
 10087 | D:8      | HP: 1/50 [orc priest/divine providence (16)]
 10675 | D:8      | Reached skill level 13 in Spellcasting
 10974 | D:8      | Noticed a two-headed ogre
 10983 | D:8      | Mangled by a two-headed ogre

Illustrated notes

Levels and vault maps discovered:
D:1:      saegor_arrival_fortress, layout_basic
D:2:      layout_loops_corners, first_ration
D:3:      layout_rooms, chequers_big_river
D:4:      layout_basic, uniq_eustachio
D:5:      layout_layer_cave, hangedman_abyss_or_decor_stabs
D:6:      layout_gridville, minmay_temple_entry_stoned_glass
D:7:      layout_rooms, lemuel_blue_sif_altar, gammafunk_ghost_arena,
          uniq_menkaure
D:8:      layout_basic, uniq_erica, uniq_grum
Temple:   grunt_wide_crystal_templ

Skill      XL: |  1  2  3  4  5  6  7  8  9 10 |
---------------+-------------------------------+-----
Ice Magic      | 5 6 7 8 9 |  9.3
Dodging        | 3 4 |  4.0
Stealth        | 3 |  3.0
Spellcasting   | 4 5 6 8 10 12 13 | 13.2
Conjurations   | 1 2 3 4 5 |  5.5
Charms         | 1 2 3 4 6 |  6.0
Summonings     | 1 3 4 |  4.0
Earth Magic    | |  0.9

Action                   |  1- 3 |  4- 6 |  7- 9 | 10-12 || total
-------------------------+-------+-------+-------+-------++-------
Melee: Unarmed           |     7 |       |       |       ||     7
       Whip              |    13 |       |       |       ||    13
       Dagger            |    21 |    54 |    71 |     1 ||   147
 Cast: Freeze            |    52 |    35 |    48 |       ||   135
       Frozen Ramparts   |     1 |    13 |    25 |     7 ||    46
       Ozocubu's Armour  |       |       |    22 |     5 ||    27
       Hailstorm         |       |       |    34 |       ||    34
       Stone Arrow       |       |       |     7 |    19 ||    26
       Summon Ice Beast  |       |       |     3 |       ||     3
  Use: Scroll            |     3 |       |     8 |     3 ||    14
       Potion            |       |     1 |     2 |       ||     3
 Stab: Sleeping          |     6 |     3 |       |       ||     9
       Distracted        |       |       |     1 |       ||     1
  Eat: Chunk             |     2 |     7 |    10 |     6 ||    25
       Ration            |     1 |       |     2 |       ||     3
Armor: Robe              |    35 |    13 |    32 |     4 ||    84
Dodge: Dodged            |    86 |    60 |   103 |     7 ||   256
Block: Other             |       |       |     2 |     1 ||     3
